 Dungeon Crawl Stone Soup version 0.22.0-60-ga52c2fc (webtiles) character file.

825 shmeve the Ducker (level 7, -7/55 HPs)
             Began as a Vampire Berserker on Sept 10, 2018.
             Was a Priest of Trog.
             Mangled by Prince Ribbit (20 damage)
             ... on level 5 of the Dungeon.
             The game lasted 00:07:41 (4356 turns).

shmeve the Ducker (Vampire Berserker)               Turns: 4356, Time: 00:07:41

Health: -7/55      AC:  4    Str: 18    XL:     7   Next: 64%
Magic:  7/7        EV: 15    Int:  9    God:    Trog [***...]
Gold:   201        SH:  0    Dex: 14    Spells: 6/6 levels left

rFire    . . .     SeeInvis +   a - +0 hand axe
rCold    . . .     Gourm    .   (no shield)
rNeg     . . .     Faith    .   b - +0 animal skin
rPois    .         Spirit   .   f - +0 helmet
rElec    .         Reflect  .   (no cloak)
rCorr    .         Harm     .   d - +0 pair of gloves
MR       .....                  (no boots)
Stlth    ++++......             (no amulet)
HPRegen  0.38/turn              s - ring of stealth
MPRegen  0.10/turn              (no ring)

@: berserk cooldown, regenerating quickly, slowed, very slow
A: fangs 3, see invisible, unbreathing
a: Berserk, Trog's Hand, Renounce Religion


You were on level 5 of the Dungeon.
You worshipped Trog.
Trog was most pleased with you.
You were full.

You visited 1 branch of the dungeon, and saw 5 of its levels.

You collected 201 gold pieces.

Inventory:

Hand Weapons
 a - a +0 hand axe (weapon)
Armour
 b - a +0 animal skin (worn)
 d - a +0 pair of gloves (worn)
 f - a +0 helmet (worn)
Jewellery
 s - a ring of stealth (left hand)
Wands
 r - a wand of digging (5)
Scrolls
 e - 2 scrolls of remove curse {unknown}
 g - a scroll of enchant armour {unknown}
 h - 2 scrolls of enchant weapon {unknown}
 i - 8 scrolls of identify {unknown}
 n - a scroll of amnesia {unknown}
 p - a scroll of immolation {unknown}
 q - 3 scrolls of magic mapping {unknown}
 t - a scroll of fear {unknown}
Potions
 j - a potion of cancellation {unknown}
 k - 2 potions of curing {unknown}
 l - 2 potions of mutation {unknown}
 m - 2 potions of lignification {unknown}
 o - a potion of heal wounds {unknown}
 u - a potion of magic {unknown}


   Skills:
 * Level 4.8 Fighting
 * Level 4.7 Axes
 + Level 2.8 Armour
 * Level 5.1 Dodging
 + Level 4.4 Stealth


You had 6 spell levels left.
You didn't know any spells.
Your spell library was empty.

Dungeon Overview and Level Annotations

Branches:
Dungeon (5/15)
 Temple: D:4-7

Altars:
Makhleb
Trog

Annotations:
D:5 Prince Ribbit


Innate Abilities, Weirdness & Mutations

Your natural rate of healing is unusually fast.
You have razor-sharp teeth.
You have supernaturally acute eyesight. (SInv)
You can survive without breathing.


Message History

Yummy - fresh blood!
Yummy - fresh blood!
Yummy - fresh blood!
i - 8 scrolls labeled ROLEOL LUSUSM (gained 1)
You now have 201 gold pieces (gained 12).
Prince Ribbit comes into view.
Prince Ribbit gives a loud, deep croak!
Prince Ribbit catches a mouse with his tongue.
Prince Ribbit blinks!
Prince Ribbit blinks!
Prince Ribbit hits you! Prince Ribbit misses you.
You slash Prince Ribbit!
Prince Ribbit is moderately wounded.
Prince Ribbit hits you! x2
You barely miss Prince Ribbit.
Prince Ribbit is moderately wounded.
Prince Ribbit hits you.
* * * LOW HITPOINT WARNING * * *
Prince Ribbit closely misses you. Prince Ribbit hits you!!
You die...

.......... .#
.....#...###.
.....#......
...........#
...........#
...........###.
......F........
###...@#+#+###
#............#
#............#
#............#
#............#
#............#
#............#
####.(..........#
#..<............#


You could see Prince Ribbit.

Vanquished Creatures
  Duvessa (D:5)
  2 ogres (D:4)
  Dowan (D:5)
  A scorpion (D:4)
  2 hounds
  Jessica (D:3)
  A bullfrog skeleton (D:5)
  An iguana (D:4)
  Terence (D:3)
  Natasha (thrice) (D:3)
  2 worker ants (D:3)
  A hound skeleton (D:4)
  Robin (D:3)
  5 adders
  2 oozes
  An adder skeleton (D:2)
  An adder zombie (D:5)
  2 worms (D:3)
  3 leopard geckos
  3 orcs (D:3)
  6 giant cockroaches
  10 goblins
  10 hobgoblins
  4 jackals (D:1)
  2 quokkas (D:4)
  A bat (D:3)
  7 frilled lizards
  6 kobolds
  6 rats
87 creatures vanquished.

Notes
Turn   | Place    | Note
-------+----------+-------------------------------------------
     0 | D:1      | shmeve the Vampire Berserker began the quest for the Orb.
     0 | D:1      | Reached XP level 1. HP: 17/17 MP: 1/1
   382 | D:1      | Reached XP level 2. HP: 19/23 MP: 2/2
   437 | D:1      | Reached skill level 1 in Stealth
  1178 | D:2      | Reached XP level 3. HP: 27/29 MP: 3/3
  1233 | D:2      | Found a burning altar of Makhleb.
  1244 | D:2      | Reached skill level 3 in Dodging
  1244 | D:2      | Reached XP level 4. HP: 15/35 MP: 4/4
  1246 | D:2      | Reached ** piety under Trog
  2258 | D:3      | Noticed Natasha
  2260 | D:3      | Noticed Terence
  2267 | D:3      | Killed Natasha
  2267 | D:3      | Reached XP level 5. HP: 41/41 MP: 5/5
  2271 | D:3      | Killed Terence
  2337 | D:3      | Noticed Jessica
  2338 | D:3      | Noticed Natasha
  2343 | D:3      | Killed Jessica
  2346 | D:3      | Killed Natasha
  2408 | D:3      | Noticed Natasha
  2415 | D:3      | Killed Natasha
  2459 | D:3      | Reached XP level 6. HP: 34/48 MP: 6/6
  2593 | D:3      | Noticed Robin
  2597 | D:3      | Reached skill level 4 in Dodging
  2608 | D:3      | Killed Robin
  3253 | D:4      | Reached XP level 7. HP: 54/55 MP: 7/7
  3942 | D:4      | Reached *** piety under Trog
  4063 | D:4      | Found a bloodstained altar of Trog.
  4299 | D:5      | Entered Level 5 of the Dungeon
  4310 | D:5      | Noticed Duvessa
  4310 | D:5      | Noticed Dowan
  4325 | D:5      | Killed Duvessa
  4325 | D:5      | Reached skill level 5 in Dodging
  4328 | D:5      | Killed Dowan
  4351 | D:5      | Noticed Prince Ribbit
  4356 | D:5      | Mangled by Prince Ribbit

Skill      XL: |  1  2  3  4  5  6  7 |
---------------+----------------------+-----
Stealth        | 1 2 3 4 |  4.4
Fighting       | 3 4 |  4.8
Axes           | 3 4 |  4.7
Dodging        | 3 4 5 |  5.1
Armour         | 2 |  2.8

Action                   |  1- 3 |  4- 6 |  7- 9 || total
-------------------------+-------+-------+-------++-------
Melee: Hand axe          |    73 |   152 |    70 ||   295
       Bite              |     2 |     9 |    10 ||    21
Invok: Berserk           |       |     5 |     1 ||     6
  Use: Potion            |       |       |     3 ||     3
 Stab: Sleeping          |     6 |     4 |     7 ||    17
  Eat: Corpse            |     8 |    14 |     4 ||    26
Armor: Animal skin       |    17 |    21 |    10 ||    48
Dodge: Dodged            |    55 |   111 |    50 ||   216
